 Dungeon Crawl Stone Soup version 0.21.0-24-g2553a33 (webtiles) character file.

45 tilp the Conjurer (level 3, -1/26 HPs)
             Began as a Draconian Conjurer on Jan 19, 2018.
             Slain by Natasha (2 damage)
             ... on level 2 of the Dungeon.
             The game lasted 00:02:28 (734 turns).

tilp the Conjurer (Draconian Conjurer)               Turns: 734, Time: 00:02:29

Health: -1/26      AC:  5    Str: 10    XL:     3   Next: 42%
Magic:  3/6        EV: 12    Int: 16    God:
Gold:   96         SH:  0    Dex: 11    Spells: 0/6 levels left

rFire    . . .     SeeInvis .   n - +1 dagger (drain)
rCold    . . .     Gourm    .   (no shield)
rNeg     . . .     Faith    .   (armour unavailable)
rPois    .         Spirit   .   (helmet restricted)
rElec    .         Reflect  .   (no cloak)
rCorr    .         Harm     .   (no gloves)
MR       .....                  (no boots)
Stlth    ++........             (no amulet)
HPRegen  0.08/turn              (no ring)
MPRegen  0.10/turn              (no ring)

@: lethally poisoned (-1 -> -5), very slightly contaminated, slowed, very slow
A: unfitting armour, cold-blooded, AC +5
a: no special abilities


You were on level 2 of the Dungeon.
You were not hungry.

You visited 1 branch of the dungeon, and saw 2 of its levels.

You collected 96 gold pieces.

Inventory:

Hand Weapons
 e - a +0 dagger of venom
 n - a +1 dagger of draining (weapon)
Missiles
 d - 27 stones (quivered)
 k - 18 sling bullets
Jewellery
 r - a +3 ring of intelligence {unknown}
Scrolls
 g - a scroll of identify {unknown}
 h - a scroll of random uselessness {unknown}
 j - 4 scrolls of remove curse {unknown}
 l - 2 scrolls of teleportation {unknown}
 m - 2 scrolls of blinking {unknown}
 q - 2 scrolls of fog {unknown}
Potions
 c - a potion of curing {unknown}
 f - a potion of resistance {unknown}
 i - a potion of might {unknown}
 p - a potion of heal wounds {unknown}
Books
 a - a book of Conjurations

   Spells                             Type                      Level
   a - Magic Dart                     Conjuration                  1
   b - Searing Ray                    Conjuration                  2
   c - Dazzling Spray                 Conjuration/Hexes            3
   d - Fulminant Prism                Conjuration/Hexes            4
   e - Force Lance                    Conjuration/Translocation    4
   f - Iskenderun's Mystic Blast      Conjuration                  4
Comestibles
 b - 2 rations
 o - 3 chunks of flesh


   Skills:
 - Level 1.7 Dodging
 - Level 1.7 Stealth
 - Level 2.0 Spellcasting
 + Level 5.2 Conjurations


You couldn't memorise any spells.
You knew the following spells:

 Your Spells              Type           Power        Failure   Level  Hunger
a - Magic Dart            Conj           ###.         2%          1    #......
b - Searing Ray           Conj           ###...       3%          2    ###....
c - Dazzling Spray        Conj/Hex       ##....       22%         3    ###....


Dungeon Overview and Level Annotations

Branches:
Dungeon (2/15)

Altars:

Annotations:
D:2 Natasha


Innate Abilities, Weirdness & Mutations

Your plain brown scales are hard. (AC +5)
You cannot fit into any form of body armour.
You are cold-blooded and may be slowed by cold attacks.


Message History

Natasha claws you!
Casting: Searing Ray
Confirm with . or Enter, or press ? or * to list all spells.
Aiming: Searing Ray
Press: ? - help, Shift-Dir - straight line, f/p - Natasha
Aim: Natasha (fast)
The searing ray hits Natasha.
Natasha is moderately wounded. (Press . to maintain the ray.) Natasha hisses.
Natasha mumbles some strange words.
Natasha claws you.
* * * LOW HITPOINT WARNING * * *
The adder bites you.
* * * LOW HITPOINT WARNING * * *
You are lethally poisoned!
The adder poisons you!
* * * LOW HITPOINT WARNING * * *
You feel sick. Natasha claws you.
You die...

#.. #.# #.#
#..##.#######.##
#...#..... ...
#.#.#...# #.#
##.##.#.#...# #)#
............# #>#
#.. ####.#.#5..##
#.# #.#
#?#hS#...####.#
#.# .##
#.@...........#
#.# ..#
####.....##)#.#
#.# #.#
##.##.##.#.# #
#># #.#
#.##......##.#
#.# #.#
#.....##.....#
#####.#####.#
##.##.##..####
#...........#
#.##.......#
#.###.####.<#
#........####.#
#.# #.#
#..#####.###..#.#
#.#


You could see an iron imp, Natasha and an adder.

Vanquished Creatures
  An ooze (D:1)
  3 bats
  3 giant cockroaches (D:1)
  7 goblins
  5 hobgoblins
  4 jackals (D:2)
  6 kobolds
  A ball python (D:1)
  2 frilled lizards (D:1)
  4 rats
36 creatures vanquished.

Notes
Turn   | Place    | Note
-------+----------+-------------------------------------------
     0 | D:1      | tilp the Draconian Conjurer began the quest for the Orb.
     0 | D:1      | Reached XP level 1. HP: 14/14 MP: 3/3
    80 | D:1      | Reached XP level 2. HP: 13/20 MP: 5/5
   105 | D:1      | Learned a level 2 spell: Searing Ray
   342 | D:1      | You fall through a shaft!
   453 | D:1      | Reached skill level 5 in Conjurations
   532 | D:1      | Reached XP level 3. HP: 22/26 MP: 6/6
   586 | D:1      | Learned a level 3 spell: Dazzling Spray
   723 | D:2      | Noticed Natasha
   734 | D:2      | HP: 1/26 [poisoned by an adder]
   734 | D:2      | Slain by Natasha

Skill      XL: |  1  2 |
---------------+-------+-----
Conjurations   | 5 |  5.2
Dodging        | |  1.7
Stealth        | |  1.7
Spellcasting   | |  2.0

Action                   || total
-------------------------++-------
Melee: Dagger            ||    93
       Tailslap          ||     4
 Cast: Magic Dart        ||     5
       Searing Ray       ||     1
 Stab: Sleeping          ||     1
Armor: Skin              ||    35
Dodge: Dodged            ||    75
